 Dungeon Crawl Stone Soup version 0.31-a0-210-gccc998df9b (webtiles) character file.

Game seed: 2701822676733349969

34493 qw the Cleaver (level 13, -3/84 HPs)
             Began as a Gargoyle Fighter on June 29, 2023.
             Was a Priest of Okawaru.
             Slain by a death yak (13 damage)
             ... summoned by a boggart
             ... on level 5 of the Lair of Beasts.
             The game lasted 00:06:57 (10820 turns).

qw the Cleaver (Gargoyle Fighter)                  Turns: 10820, Time: 00:06:58

Health: -3/84      AC: 36    Str: 24    XL:     13   Next: 77%
Magic:  20/20      EV:  9    Int: 13    God:    Okawaru [***...]
Gold:   893        SH:  6    Dex:  9    Spells: 12/12 levels left

rFire   + . .        Y - +0 broad axe
rCold   . . .        c - +0 buckler
rNeg    + . .        l - +0 plate armour
rPois   inf          b - +0 helmet
rElec   +            y - +1 cloak "Wutel" {Regen+ Stlth+}
rCorr   .            q - +4 pair of gloves "Xuurghuo" {Fly Will+ Int+3}
SInv    .            (no boots)
Will    +....        e - amulet of regeneration Stlth
                     u - ring of protection from fire
HPRegen 1.94/turn    (no ring)
MPRegen 0.17/turn

%: no passive effects
@: heroic, flying
A: sickness immunity, AC +9, negative energy resistance 1, electricity
resistance, torment resistance 1, petrification resistance
a: Renounce Religion, Heroism


You were on level 5 of the Lair of Beasts.
You worshipped Okawaru.
Okawaru was most pleased with you.
You visited 2 branches of the dungeon, and saw 13 of its levels.
You also visited: Gauntlet.

You collected 893 gold pieces.


Innate Abilities, Weirdness & Mutations

You are immune to sickness and miasma.
Your stone body is resilient. (AC +9)
You are immune to poison.
You resist negative energy. (rN+)
You are resistant to electric shocks. (rElec)
You are resistant to unholy torment.
You are immune to petrification.


   Skills:
 - Level 11.0(16.0) Fighting
 + Level 14.0(19.0) Axes
 - Level 5.1(10.1) Throwing
 - Level 10.0(15.0) Armour
 - Level 2.1(7.1) Dodging
 - Level 7.1(12.1) Shields
 - Level 10.0 Invocations


You had 12 spell levels left.
You didn't know any spells.
Your spell library was empty.

Inventory:

Hand Weapons
 w - a +0 morningstar
 z - a -2 demon whip of venom
 Y - a +0 broad axe (weapon)
Missiles
 j - 3 boomerangs
 v - 11 javelins (quivered)
Armour
 b - a +0 helmet (worn)
 c - a +0 buckler (worn)
 l - a +0 plate armour (worn)
 m - a +0 chain mail of cold resistance
 q - the +4 pair of gloves "Xuurghuo" (worn) {Fly Will+ Int+3}
   (You found it in a Gauntlet)

   Int:       It affects your intelligence (+3).
   Fly:       It grants you flight.
   Will:      It increases your willpower.
 y - the +1 cloak "Wutel" (worn) {Regen+ Stlth+}
   (You found it in a Gauntlet)

   Regen:     It increases your rate of health regeneration.
   Stlth:     It makes you more stealthy.
Jewellery
 e - an amulet of regeneration (around neck)
 u - a ring of protection from fire (left hand)
Wands
 p - a wand of digging (2)
Scrolls
 n - 3 scrolls of identify
Potions
 a - 3 potions of magic
 d - 7 potions of might
 f - 2 potions of curing
 g - 4 potions of lignification
 h - a potion of attraction
 i - a potion of haste
 k - a potion of enlightenment
 r - 2 potions of mutation

Dungeon Overview and Level Annotations

Branches:
Dungeon (8/15)             Temple (0/1) D:4            Lair (5/5) D:8
  Swamp (0/4) Lair:3        Snake (0/4) Lair:2        Slime (0/5) Lair:4
Gauntlet (visited)

Altars:
Elyvilon
Fedhas
Okawaru
Qazlal
Vehumet
Wu Jian

Shops:
D:8 :

Annotations:
D:3 1 runed translucent door, qw's ghost, weakling DEHu
Lair:4 exclusion: 2 oklob plants


Message History

You slash the death yak! You hit the death yak but do no damage.
You completely miss the death yak. You closely miss something.
You hear some strange, mumbled words.
You block the death yak's attack. The death yak gores you!
The death yak barely misses you. You block the death yak's attack.
You slash the death yak!
The death yak is almost dead.
You slice the death yak!! You barely miss the death yak.
You slash the death yak! You hit the death yak but do no damage.
The death yak is almost dead.
You slash the death yak! You barely miss the death yak. You hit the death yak.
The death yak completely misses you. The death yak misses you.
The death yak gores you but does no damage.
The death yak gores you!!
10817 ||| DRINKING potion of heal wounds.
You feel much better.
The death yak gores you but does no damage.
The death yak gores you. You block the death yak's attack.
The death yak gores you but does no damage.
You completely miss the death yak.
The death yak is almost dead.
You barely miss the death yak. You slash the death yak!
You barely miss the death yak. The death yak gores you!
The death yak snorts and paws the ground.
The death yak gores you! The death yak misses you.
The death yak barely misses you.
You hit the death yak.
The death yak is almost dead.
You hit the death yak but do no damage. You slash the death yak!
You barely miss the death yak. You slash the death yak!
You kill the death yak!
The death yak's corpse dissolves into shadows!
You hit the death yak but do no damage. You hit the death yak.
You hit the death yak but do no damage. You block the death yak's attack.
The death yak closely misses you. The death yak gores you!
You die...

78[. ....7 7#.#
).. ..... 7##..
... 7...77 77P..#
7.. 7...7777.%..#
7..7 7..7....#.##
7.. 7.....77##
7.)7777 77.....7
7(..777777%%..777
77.Y@.77...7777
777YYYY¤.77


77777777 You could see 5 death yaks.

Vanquished Creatures
  Kirke (Lair:4)
  Gastronok (Lair:3)
  A minotaur (Gauntlet)
  An entropy weaver (Gauntlet)
  Sonja (Lair:3)
  A skyshark (Lair:2)
  Nergalle (Lair:3)
  2 spriggans (Lair:5)
  Amaemon (Lair:3)
  A lindwurm (Lair:2)
  2 bog bodies (Lair:3)
  2 black mambas
  6 elephants (Lair:2)
  An orange demon (Lair:3)
  7 cane toads
  Maggie (D:6)
  3 rime drakes (Lair:1)
  4 komodo dragons
  3 meliai (Gauntlet)
  3 polar bears
  Prince Ribbit (D:5)
  2 hornets
  24 blink frogs
  6 dream sheep (Lair:4)
  37 yaks
  2 wyverns
  Eustachio (D:4)
  4 hogs (Lair:4)
  2 basilisks (Lair:2)
  A redback (Gauntlet)
  2 steam dragons (D:8)
  Menkaure (D:5)
  A naga (Lair:2)
  A swamp worm (Lair:3)
  7 water moccasins
  Duvessa (D:5)
  3 ice beasts
  4 black bears
  2 orc warriors (D:8)
  4 ogres
  A boggart (Lair:5)
  9 wolves
  2 phantoms
  9 bullfrogs
  2 scorpions
  3 wights (D:8)
  Dowan (D:5)
  4 killer bees (D:8)
  3 howler monkeys
  2 electric eels
  A hound (D:4)
  A jelly (D:8)
  6 orc priests
  Ijyb (D:3)
  3 iguanas
  11 orc wizards
  Terence (D:2)
  Robin (D:3)
  3 gnolls (D:4)
  6 adders
  4 white imps
  An ufetubus (D:5)
  A dart slug (D:3)
  47 orcs
  10 endoplasms
  3 giant cockroaches
  10 hobgoblins
  6 kobolds
  3 quokkas (D:1)
  2 ball pythons
  2 bats (D:1)
  5 frilled lizards
  12 goblins
  9 rats
334 creatures vanquished.

Notes
Turn   | Place    | Note
-------+----------+-------------------------------------------
     0 | D:1      | qw the Gargoyle Fighter began the quest for the Orb.
     0 | D:1      | Reached XP level 1. HP: 14/14 MP: 1/1
     0 | D:1      | 0 ||| qw: Version: 0.3-a-24-ga2abf7b
     0 | D:1      | 0 ||| qw: Game counter: 6823
     0 | D:1      | 0 ||| qw: Melee chars always use a shield: true
     0 | D:1      | 0 ||| qw: God list: Okawaru
     0 | D:1      | 0 ||| qw: Allow faded altars: false
     0 | D:1      | 0 ||| qw: Do Orc after clearing Dungeon:15 true
     0 | D:1      | 0 ||| qw: Do second Lair branch before Depths: true
     0 | D:1      | 0 ||| qw: Lair rune preference: random
     0 | D:1      | 0 ||| qw: Goals: Normal, Zot:1-4, Slime:5, God:TSO, Crypt,
                  | Tomb, Abyss, Pan, Hells, Win
     0 | D:1      | 0 ||| PLANNING D:1-11
    85 | D:1      | Reached skill level 2 in Axes
   249 | D:1      | Reached XP level 2. HP: 19/19 MP: 2/2
   333 | D:1      | 333 ||| Stepping ~*~*~tactically~*~*~ (stealth).
   402 | D:1      | Reached skill level 3 in Axes
   460 | D:1      | Reached XP level 3. HP: 22/23 MP: 3/3
   684 | D:1      | 684 ||| READING scroll labelled ZITZOB PUGUH.
   685 | D:1      | 685 ||| READING scroll labelled XIOX TALUGI.
   686 | D:1      | 686 ||| READING scroll labelled ITHECONOIJ.
   708 | D:2      | 708 ||| Stepping ~*~*~tactically~*~*~ (stealth).
   824 | D:2      | Noticed Terence
   833 | D:2      | Killed Terence
   834 | D:2      | Reached XP level 4. HP: 28/28 MP: 4/4
   837 | D:2      | 837 ||| DROPPING +0 mace.
   902 | D:2      | Reached skill level 4 in Axes
   910 | D:2      | 910 ||| Stepping ~*~*~tactically~*~*~ (stealth).
  1204 | D:2      | 1204 ||| UPGRADING to +0 chain mail.
  1214 | D:2      | 1214 ||| DROPPING +0 scale mail.
  1215 | D:2      | 1215 ||| UPGRADING to +0 plate armour.
  1225 | D:2      | 1225 ||| DROPPING +0 chain mail.
  1226 | D:2      | 1226 ||| READING scroll labelled NUIGGE YCELIR.
  1227 | D:2      | 1227 ||| READING scroll labelled UCUMITEVUN.
  1230 | D:2      | 1230 ||| READING scroll labelled YHIP ZUC KUNTO.
  1231 | D:2      | 1231 ||| DRINKING 3 viscous puce potions.
  1331 | D:3      | Found an ornate altar of the Wu Jian Council.
  1340 | D:3      | 1340 ||| Stepping ~*~*~tactically~*~*~ (hiding).
  1341 | D:3      | 1341 ||| Stepping ~*~*~tactically~*~*~ (hiding).
  1342 | D:3      | 1342 ||| Stepping ~*~*~tactically~*~*~ (hiding).
  1343 | D:3      | 1343 ||| Stepping ~*~*~tactically~*~*~ (hiding).
  1415 | D:3      | 1415 ||| Stepping ~*~*~tactically~*~*~ (stealth).
  1417 | D:3      | 1417 ||| Stepping ~*~*~tactically~*~*~ (hiding).
  1419 | D:3      | 1419 ||| Stepping ~*~*~tactically~*~*~ (hiding).
  1620 | D:3      | 1620 ||| DROPPING +4 heavy mace.
  1673 | D:3      | Noticed Ijyb
  1674 | D:3      | 1674 ||| Stepping ~*~*~tactically~*~*~ (hiding).
  1684 | D:3      | Killed Ijyb
  1685 | D:3      | Reached XP level 5. HP: 25/32 MP: 5/5
  1728 | D:3      | Found a runed translucent door.
  1728 | D:3      | Noticed qw's ghost (weakling DEHu)
  1854 | D:3      | Found an iron altar of Okawaru.
  1855 | D:3      | 1855 ||| PLANNING OKAWARU WORSHIP
  1855 | D:3      | 1855 ||| UPGRADING to +0 pair of gloves.
  1860 | D:3      | 1860 ||| UPGRADING to amulet of regeneration.
  1865 | D:3      | 1865 ||| DROPPING ring of flight.
  1866 | D:3      | 1866 ||| READING scroll labelled VUICOGR ZURI.
  1889 | D:3      | Became a worshipper of Warmaster Okawaru
  1890 | D:3      | 1890 ||| PLANNING D:1-11
  1923 | D:3      | Noticed Robin
  1951 | D:3      | 1951 ||| FLEEEEING.
  1952 | D:3      | 1952 ||| FLEEEEING.
  1954 | D:3      | 1954 ||| FLEEEEING.
  1955 | D:3      | 1955 ||| FLEEEEING.
  1956 | D:3      | 1956 ||| FLEEEEING.
  1957 | D:3      | 1957 ||| FLEEEEING.
  1958 | D:3      | 1958 ||| FLEEEEING.
  1959 | D:3      | 1959 ||| FLEEEEING.
  1960 | D:3      | 1960 ||| FLEEEEING.
  1961 | D:3      | 1961 ||| FLEEEEING.
  1962 | D:3      | 1962 ||| FLEEEEING.
  1970 | D:3      | 1970 ||| STAIRDANCE
  1995 | D:3      | Killed Robin
  1996 | D:3      | Reached skill level 5 in Axes
  2189 | D:3      | 2189 ||| UPGRADING to +0 helmet.
  2240 | D:4      | Reached XP level 6. HP: 37/38 MP: 6/6
  2298 | D:4      | 2298 ||| READING scroll of enchant weapon.
  2298 | D:4      | 2298 ||| ENCHANTING +1 war axe.
  2341 | D:4      | Noticed Eustachio
  2342 | D:4      | 2342 ||| Stepping ~*~*~tactically~*~*~ (stealth).
  2346 | D:4      | 2346 ||| Stepping ~*~*~tactically~*~*~ (stealth).
  2348 | D:4      | 2348 ||| Stepping ~*~*~tactically~*~*~ (hiding).
  2354 | D:4      | Reached skill level 1 in Throwing
  2361 | D:4      | Killed Eustachio
  2361 | D:4      | Reached * piety under Okawaru
  2362 | D:4      | Reached skill level 6 in Axes
  2362 | D:4      | Reached XP level 7. HP: 39/43 MP: 7/7
  2373 | D:4      | Found a staircase to the Ecumenical Temple.
  2513 | D:4      | Reached skill level 1 in Invocations
  2515 | D:4      | 2515 ||| Stepping ~*~*~tactically~*~*~ (stealth).
  2517 | D:4      | 2517 ||| FLEEEEING.
  2518 | D:4      | 2518 ||| FLEEEEING.
  2519 | D:4      | 2519 ||| FLEEEEING.
  2520 | D:4      | 2520 ||| FLEEEEING.
  2523 | D:4      | 2523 ||| FLEEEEING.
  2525 | D:4      | 2525 ||| FLEEEEING.
  2526 | D:4      | 2526 ||| FLEEEEING.
  2555 | D:4      | 2555 ||| Stepping ~*~*~tactically~*~*~ (water).
  2826 | D:4      | 2826 ||| DROPPING ring of magical power.
  2827 | D:4      | 2827 ||| READING 2 scrolls labelled XYHONLUOJE.
  2828 | D:4      | 2828 ||| DRINKING 2 smoky amethyst potions.
  2857 | D:5      | Entered Level 5 of the Dungeon
  2972 | D:5      | Noticed Menkaure
  2974 | D:5      | 2974 ||| Stepping ~*~*~tactically~*~*~ (hiding).
  2976 | D:5      | 2976 ||| Stepping ~*~*~tactically~*~*~ (hiding).
  2979 | D:5      | 2979 ||| INVOKING Heroism.
  2984 | D:5      | Killed Menkaure
  2985 | D:5      | Reached skill level 3 in Invocations
  3050 | D:5      | 3050 ||| INVOKING Heroism.
  3120 | D:5      | Noticed Duvessa
  3120 | D:5      | Noticed Dowan
  3121 | D:5      | 3121 ||| INVOKING Heroism.
  3128 | D:5      | Killed Dowan
  3129 | D:5      | Reached XP level 8. HP: 48/48 MP: 7/10
  3142 | D:5      | Killed Duvessa
  3230 | D:5      | Noticed Prince Ribbit
  3232 | D:5      | 3232 ||| INVOKING Heroism.
  3244 | D:5      | 3244 ||| INVOKING Heroism.
  3257 | D:5      | Killed Prince Ribbit
  3258 | D:5      | Reached skill level 7 in Axes
  3326 | D:5      | 3326 ||| INVOKING Heroism.
  3409 | D:5      | Found a stormy altar of Qazlal.
  3462 | D:5      | Reached skill level 1 in Dodging
  3688 | D:5      | 3688 ||| DRINKING 2 brown potions.
  3689 | D:5      | 3689 ||| DROPPING potion of brilliance.
  3703 | D:6      | 3703 ||| PLANNING SEWER
  3755 | D:6      | 3755 ||| INVOKING Heroism.
  3770 | D:6      | Reached skill level 8 in Axes
  3787 | D:6      | Noticed Maggie
  3788 | D:6      | 3788 ||| Stepping ~*~*~tactically~*~*~ (stealth).
  3798 | D:6      | 3798 ||| Stepping ~*~*~tactically~*~*~ (stealth).
  3800 | D:6      | 3800 ||| Stepping ~*~*~tactically~*~*~ (stealth).
  3802 | D:6      | 3802 ||| Stepping ~*~*~tactically~*~*~ (hiding).
  3808 | D:6      | 3808 ||| DRINKING 3 potions of curing.
  3808 | D:6      | 3808 ||| (to cure confusion)
  3818 | D:6      | 3818 ||| INVOKING Heroism.
  3829 | D:6      | HP: 12/49 [Maggie/bolt of fire (5)]
  3830 | D:6      | 3830 ||| READING scroll of teleportation.
  3941 | D:6      | Reached XP level 9. HP: 54/54 MP: 12/12
  3945 | D:6      | 3945 ||| Stepping ~*~*~tactically~*~*~ (stealth).
  3952 | D:6      | 3952 ||| INVOKING Heroism.
  3957 | D:6      | Killed Maggie
  3958 | D:6      | Reached skill level 6 in Fighting
  4103 | D:6      | Reached ** piety under Okawaru
  4253 | D:6      | Found a blossoming altar of Fedhas.
  4338 | D:6      | 4338 ||| RIP SEWER
  4354 | D:6      | 4354 ||| PLANNING D:1-11
  4354 | D:6      | 4354 ||| DROPPING +0 flail.
  4560 | D:6      | 4560 ||| READING scroll labelled JAOSTR HOMNU.
  4561 | D:6      | 4561 ||| READING scroll labelled WIHUUM VEBOAR.
  4562 | D:6      | 4562 ||| DRINKING 2 viscous red potions.
  4597 | D:6      | 4597 ||| DRINKING 2 bubbling red potions.
  4598 | D:6      | 4598 ||| READING 2 scrolls of identify.
  4598 | D:6      | 4598 ||| IDENTIFYING cyan potion
  4737 | D:7      | Reached skill level 9 in Axes
  4750 | D:7      | 4750 ||| Stepping ~*~*~tactically~*~*~ (hiding).
  4755 | D:7      | 4755 ||| INVOKING Heroism.
  4761 | D:7      | 4761 ||| Stepping ~*~*~tactically~*~*~ (hiding).
  4783 | D:7      | 4783 ||| SWAPPING to +1 heavy war axe.
  5123 | D:7      | Found a white marble altar of Elyvilon.
  5367 | D:7      | 5367 ||| READING scroll labelled JEHOSE ETZETH.
  5368 | D:7      | 5368 ||| DRINKING 2 lumpy grey potions.
  5369 | D:7      | 5369 ||| READING 2 scrolls of identify.
  5369 | D:7      | 5369 ||| IDENTIFYING murky golden potion
  5410 | D:8      | 5410 ||| Stepping ~*~*~tactically~*~*~ (stealth).
  5433 | D:8      | Reached skill level 6 in Armour
  5476 | D:8      | 5476 ||| INVOKING Heroism.
  5484 | D:8      | 5484 ||| Stepping ~*~*~tactically~*~*~ (hiding).
  5486 | D:8      | 5486 ||| Stepping ~*~*~tactically~*~*~ (cloud).
  5543 | D:8      | Found a radiant altar of Vehumet.
  5548 | D:8      | 5548 ||| INVOKING Heroism.
  5614 | D:8      | 5614 ||| Stepping ~*~*~tactically~*~*~ (stealth).
  5616 | D:8      | 5616 ||| Stepping ~*~*~tactically~*~*~ (stealth).
  5620 | D:8      | 5620 ||| Stepping ~*~*~tactically~*~*~ (stealth).
  5635 | D:8      | 5635 ||| DRINKING 3 potions of curing.
  5635 | D:8      | 5635 ||| (to cure confusion)
  5640 | D:8      | 5640 ||| INVOKING Heroism.
  5679 | D:8      | 5679 ||| INVOKING Heroism.
  5683 | D:8      | Reached XP level 10. HP: 63/63 MP: 10/13
  5687 | D:8      | 5687 ||| Stepping ~*~*~tactically~*~*~ (stealth).
  5708 | D:8      | 5708 ||| Stepping ~*~*~tactically~*~*~ (stealth).
  5721 | D:8      | 5721 ||| Stepping ~*~*~tactically~*~*~ (stealth).
  5722 | D:8      | 5722 ||| Stepping ~*~*~tactically~*~*~ (stealth).
  5729 | D:8      | 5729 ||| Stepping ~*~*~tactically~*~*~ (hiding).
  5730 | D:8      | 5730 ||| Stepping ~*~*~tactically~*~*~ (hiding).
  5731 | D:8      | 5731 ||| Stepping ~*~*~tactically~*~*~ (hiding).
  5733 | D:8      | 5733 ||| Stepping ~*~*~tactically~*~*~ (hiding).
  5850 | D:8      | Reached skill level 10 in Axes
  5888 | D:8      | Found Akaxeniwem's Book Shoppe.
  5905 | D:8      | 5905 ||| Stepping ~*~*~tactically~*~*~ (hiding).
  5960 | D:8      | Found a staircase to the Lair.
  6021 | D:8      | 6021 ||| INVOKING Heroism.
  6133 | D:8      | 6133 ||| INVOKING Heroism.
  6134 | D:8      | 6134 ||| DRINKING 2 potions of curing.
  6134 | D:8      | 6134 ||| (to cure confusion)
  6270 | D:8      | 6270 ||| PLANNING LAIR
  6270 | D:8      | 6270 ||| READING 3 scrolls of identify.
  6270 | D:8      | 6270 ||| IDENTIFYING fuming white potion
  6271 | D:8      | 6271 ||| READING 2 scrolls of identify.
  6271 | D:8      | 6271 ||| IDENTIFYING emerald potion
  6272 | D:8      | 6272 ||| DROPPING potion of invisibility.
  6275 | Lair:1   | Entered Level 1 of the Lair of Beasts
  6275 | Lair:1   | Noticed a cane toad
  6276 | Lair:1   | 6276 ||| INVOKING Heroism.
  6277 | Lair:1   | Noticed a cane toad
  6284 | Lair:1   | Killed a cane toad
  6285 | Lair:1   | 6285 ||| STAIRDANCE
  6285 | Lair:1   | HP: 14/64 [cane toad (17)]
  6287 | D:8      | 6287 ||| READING scroll of teleportation.
  6288 | D:8      | Killed a cane toad
  6288 | D:8      | Reached *** piety under Okawaru
  6422 | Lair:1   | 6422 ||| INVOKING Heroism.
  6426 | Lair:1   | Reached skill level 3 in Throwing
  6508 | Lair:1   | 6508 ||| INVOKING Heroism.
  6515 | Lair:1   | 6515 ||| Stepping ~*~*~tactically~*~*~ (stealth).
  6522 | Lair:1   | Received a gift from Okawaru
  6590 | Lair:1   | Noticed a cane toad
  6591 | Lair:1   | 6591 ||| INVOKING Heroism.
  6595 | Lair:1   | Killed a cane toad
  6653 | Lair:1   | Reached skill level 11 in Axes
  6653 | Lair:1   | Reached XP level 11. HP: 68/68 MP: 14/14
  6655 | Lair:1   | 6655 ||| INVOKING Heroism.
  6703 | Lair:1   | 6703 ||| Stepping ~*~*~tactically~*~*~ (stealth).
  6715 | Lair:1   | Reached **** piety under Okawaru
  6716 | Lair:1   | Reached skill level 9 in Fighting
  6719 | Lair:1   | 6719 ||| Stepping ~*~*~tactically~*~*~ (hiding).
  6727 | Lair:1   | 6727 ||| INVOKING Heroism.
  7149 | Lair:1   | 7149 ||| READING 2 scrolls of identify.
  7149 | Lair:1   | 7149 ||| IDENTIFYING silvery potion
  7150 | Lair:1   | 7150 ||| DROPPING potion of ambrosia.
  7185 | Lair:2   | 7185 ||| INVOKING Heroism.
  7207 | Lair:2   | Noticed a lindwurm
  7208 | Lair:2   | 7208 ||| Stepping ~*~*~tactically~*~*~ (hiding).
  7210 | Lair:2   | 7210 ||| Stepping ~*~*~tactically~*~*~ (hiding).
  7212 | Lair:2   | 7212 ||| Stepping ~*~*~tactically~*~*~ (hiding).
  7213 | Lair:2   | 7213 ||| Stepping ~*~*~tactically~*~*~ (hiding).
  7215 | Lair:2   | 7215 ||| INVOKING Heroism.
  7219 | Lair:2   | Killed a lindwurm
  7271 | Lair:2   | 7271 ||| INVOKING Heroism.
  7298 | Lair:2   | 7298 ||| Stepping ~*~*~tactically~*~*~ (hiding).
  7324 | Lair:2   | 7324 ||| Stepping ~*~*~tactically~*~*~ (stealth).
  7338 | Lair:2   | 7338 ||| INVOKING Heroism.
  7345 | Lair:2   | Reached skill level 6 in Invocations
  7372 | Lair:2   | Found a frozen archway.
  7378 | Lair:2   | 7378 ||| Stepping ~*~*~tactically~*~*~ (stealth).
  7379 | Lair:2   | 7379 ||| Stepping ~*~*~tactically~*~*~ (stealth).
  7381 | Lair:2   | 7381 ||| Stepping ~*~*~tactically~*~*~ (stealth).
  7382 | Lair:2   | 7382 ||| INVOKING Heroism.
  7384 | Lair:2   | Noticed a skyshark
  7389 | Lair:2   | Received a gift from Okawaru
  7393 | Lair:2   | Reached ***** piety under Okawaru
  7394 | Lair:2   | Reached skill level 12 in Axes
  7401 | Lair:2   | Killed a skyshark
  7402 | Lair:2   | Reached skill level 6 in Shields
  7402 | Lair:2   | Reached XP level 12. HP: 26/76 MP: 17/17
  7408 | Lair:2   | 7408 ||| INVOKING Heroism.
  7408 | Lair:2   | HP: 17/76 [blink frog (8)]
  7409 | Lair:2   | 7409 ||| FLEEEEING.
  7410 | Lair:2   | 7410 ||| FLEEEEING.
  7411 | Lair:2   | 7411 ||| FLEEEEING.
  7412 | Lair:2   | 7412 ||| FLEEEEING.
  7413 | Lair:2   | 7413 ||| FLEEEEING.
  7414 | Lair:2   | 7414 ||| FLEEEEING.
  7415 | Lair:2   | 7415 ||| STAIRDANCE
  7461 | Lair:1   | 7461 ||| READING 2 scrolls of identify.
  7461 | Lair:1   | 7461 ||| IDENTIFYING bubbling amethyst potion
  7462 | Lair:1   | 7462 ||| DROPPING potion of degeneration.
  7465 | Lair:2   | 7465 ||| INVOKING Heroism.
  7533 | Lair:2   | 7533 ||| INVOKING Heroism.
  7635 | Lair:2   | Received a gift from Okawaru
  7728 | Lair:2   | 7728 ||| Stepping ~*~*~tactically~*~*~ (stealth).
  7764 | Lair:2   | Found a staircase to the Snake Pit.
  7765 | Lair:2   | 7765 ||| Stepping ~*~*~tactically~*~*~ (hiding).
  7766 | Lair:2   | 7766 ||| Stepping ~*~*~tactically~*~*~ (hiding).
  7767 | Lair:2   | 7767 ||| Stepping ~*~*~tactically~*~*~ (hiding).
  7770 | Lair:2   | 7770 ||| Stepping ~*~*~tactically~*~*~ (hiding).
  7771 | Lair:2   | 7771 ||| Stepping ~*~*~tactically~*~*~ (hiding).
  7774 | Lair:2   | 7774 ||| Stepping ~*~*~tactically~*~*~ (hiding).
  7776 | Lair:2   | 7776 ||| Stepping ~*~*~tactically~*~*~ (hiding).
  7777 | Lair:2   | 7777 ||| Stepping ~*~*~tactically~*~*~ (hiding).
  7778 | Lair:2   | 7778 ||| Stepping ~*~*~tactically~*~*~ (hiding).
  8042 | Lair:3   | Noticed Sonja
  8043 | Lair:3   | 8043 ||| PLANNING GAUNTLET
  8043 | Lair:3   | 8043 ||| Stepping ~*~*~tactically~*~*~ (hiding).
  8047 | Lair:3   | 8047 ||| INVOKING Finesse.
  8062 | Lair:3   | 8062 ||| INVOKING Heroism.
  8075 | Lair:3   | Killed Sonja
  8075 | Lair:3   | Received a gift from Okawaru
  8132 | Lair:3   | 8132 ||| Stepping ~*~*~tactically~*~*~ (stealth).
  8135 | Lair:3   | 8135 ||| INVOKING Heroism.
  8139 | Lair:3   | Reached skill level 9 in Invocations
  8139 | Lair:3   | 8139 ||| Stepping ~*~*~tactically~*~*~ (stealth).
  8149 | Lair:3   | Reached skill level 9 in Armour
  8200 | Lair:3   | Noticed Gastronok
  8201 | Lair:3   | 8201 ||| INVOKING Heroism.
  8214 | Lair:3   | Killed Gastronok
  8243 | Lair:3   | Found a gate leading to a gauntlet.
  8244 | Lair:3   | 8244 ||| UPGRADING to ring of protection from fire.
  8257 | Gauntlet | Entered a Gauntlet
  8257 | Gauntlet | Found a transporter.
  8263 | Gauntlet | Noticed an entropy weaver
  8266 | Gauntlet | Found a transporter.
  8281 | Gauntlet | Found a transporter.
  8282 | Gauntlet | Found a transporter.
  8302 | Gauntlet | Found a transporter.
  8315 | Gauntlet | Found a transporter.
  8319 | Gauntlet | Found a transporter.
  8323 | Gauntlet | Found a transporter.
  8340 | Gauntlet | Noticed a seven-headed hydra
  8342 | Gauntlet | Found a transporter.
  8359 | Gauntlet | Found a transporter.
  8363 | Gauntlet | Found a transporter.
  8372 | Gauntlet | Found a transporter.
  8435 | Gauntlet | 8435 ||| INVOKING Heroism.
  8436 | Gauntlet | Killed an entropy weaver
  8467 | Gauntlet | Identified the +4 pair of gloves "Xuurghuo" {Fly Will+
                  | Int+3}
  8475 | Gauntlet | 8475 ||| UPGRADING to +4 pair of gloves "Xuurghuo" {Fly
                  | Will+ Int+3}.
  8485 | Gauntlet | 8485 ||| DROPPING +0 pair of gloves.
  8496 | Gauntlet | 8496 ||| INVOKING Heroism.
  8546 | Gauntlet | 8546 ||| SWAPPING to +0 broad axe.
  8547 | Gauntlet | 8547 ||| DROPPING +2 war axe.
  8548 | Gauntlet | 8548 ||| DROPPING +1 heavy war axe.
  8554 | Gauntlet | 8554 ||| DROPPING +2 hat of intelligence.
  8583 | Gauntlet | Identified the +6 arbalest of Temperance {freeze, rElec
                  | Int+2}
  8583 | Gauntlet | Noticed a minotaur
  8584 | Gauntlet | 8584 ||| INVOKING Heroism.
  8599 | Gauntlet | Killed a minotaur
  8638 | Gauntlet | Identified the +1 cloak "Wutel" {Regen+ Stlth+}
  8642 | Gauntlet | 8642 ||| UPGRADING to +1 cloak "Wutel" {Regen+ Stlth+}.
  8647 | Gauntlet | 8647 ||| READING scroll labelled BIR USEXUILIR.
  8751 | Lair:3   | 8751 ||| PLANNING LAIR
  8775 | Lair:3   | 8775 ||| Stepping ~*~*~tactically~*~*~ (hiding).
  8777 | Lair:3   | Noticed Amaemon
  8778 | Lair:3   | 8778 ||| INVOKING Heroism.
  8804 | Lair:3   | Killed Amaemon
  8804 | Lair:3   | Identified the +1 hat of Marbles {rElec rN+ Stlth+}
                  | (Okawaru gifted it to you on level 3 of the Lair of Beasts)
  8804 | Lair:3   | Received a gift from Okawaru
  8826 | Lair:3   | Noticed Nergalle
  8827 | Lair:3   | 8827 ||| Stepping ~*~*~tactically~*~*~ (stealth).
  8828 | Lair:3   | 8828 ||| Stepping ~*~*~tactically~*~*~ (stealth).
  8829 | Lair:3   | 8829 ||| INVOKING Heroism.
  8839 | Lair:3   | Killed Nergalle
  8996 | Lair:3   | 8996 ||| Stepping ~*~*~tactically~*~*~ (hiding).
  9007 | Lair:3   | Reached skill level 13 in Axes
  9292 | Lair:3   | 9292 ||| Stepping ~*~*~tactically~*~*~ (hiding).
  9303 | Lair:3   | Reached XP level 13. HP: 82/82 MP: 20/20
  9306 | Lair:3   | Found a staircase to the Swamp.
  9307 | Lair:3   | 9307 ||| Stepping ~*~*~tactically~*~*~ (hiding).
  9308 | Lair:3   | 9308 ||| INVOKING Heroism.
  9349 | Lair:3   | 9349 ||| DROPPING +1 hat of Marbles {rElec rN+ Stlth+}.
  9363 | Lair:4   | 9363 ||| INVOKING Heroism.
  9421 | Lair:4   | 9421 ||| INVOKING Heroism.
  9499 | Lair:4   | Found a staircase to the Slime Pits.
  9500 | Lair:4   | 9500 ||| INVOKING Heroism.
  9617 | Lair:4   | 9617 ||| INVOKING Heroism.
  9621 | Lair:4   | HP: 5/82 [oklob plant/splash of acid (18)]
  9622 | Lair:4   | 9622 ||| READING scroll of teleportation.
  9623 | Lair:4   | 9623 ||| DRINKING potion of heal wounds.
  9849 | Lair:4   | 9849 ||| Stepping ~*~*~tactically~*~*~ (stealth).
  9861 | Lair:4   | 9861 ||| INVOKING Heroism.
  9924 | Lair:4   | 9924 ||| Stepping ~*~*~tactically~*~*~ (stealth).
  9926 | Lair:4   | 9926 ||| INVOKING Heroism.
  9927 | Lair:4   | 9927 ||| Stepping ~*~*~tactically~*~*~ (stealth).
  9929 | Lair:4   | 9929 ||| Stepping ~*~*~tactically~*~*~ (stealth).
  9932 | Lair:4   | 9932 ||| Stepping ~*~*~tactically~*~*~ (stealth).
 10070 | Lair:4   | 10070 ||| Stepping ~*~*~tactically~*~*~ (stealth).
 10071 | Lair:4   | 10071 ||| Stepping ~*~*~tactically~*~*~ (stealth).
 10074 | Lair:4   | 10074 ||| Stepping ~*~*~tactically~*~*~ (stealth).
 10075 | Lair:4   | 10075 ||| Stepping ~*~*~tactically~*~*~ (stealth).
 10078 | Lair:4   | Reached skill level 14 in Axes
 10301 | Lair:4   | Noticed Kirke
 10302 | Lair:4   | 10302 ||| INVOKING Heroism.
 10328 | Lair:4   | Killed Kirke
 10436 | Lair:4   | 10436 ||| READING scroll labelled FUUGU XUWNUMI.
 10437 | Lair:4   | 10437 ||| READING 4 scrolls of identify.
 10437 | Lair:4   | 10437 ||| IDENTIFYING pink potion
 10438 | Lair:4   | 10438 ||| DROPPING potion of berserk rage.
 10470 | Lair:5   | Entered Level 5 of the Lair of Beasts
 10484 | Lair:5   | 10484 ||| STAIRDANCE
 10527 | Lair:5   | 10527 ||| Stepping ~*~*~tactically~*~*~ (stealth).
 10528 | Lair:5   | 10528 ||| Stepping ~*~*~tactically~*~*~ (stealth).
 10532 | Lair:5   | Received a gift from Okawaru
 10533 | Lair:5   | 10533 ||| INVOKING Heroism.
 10540 | Lair:5   | 10540 ||| Stepping ~*~*~tactically~*~*~ (stealth).
 10580 | Lair:5   | 10580 ||| INVOKING Heroism.
 10646 | Lair:5   | 10646 ||| Stepping ~*~*~tactically~*~*~ (stealth).
 10679 | Lair:5   | 10679 ||| Stepping ~*~*~tactically~*~*~ (hiding).
 10683 | Lair:5   | 10683 ||| INVOKING Heroism.
 10727 | Lair:5   | 10727 ||| INVOKING Heroism.
 10736 | Lair:5   | Received a gift from Okawaru
 10757 | Lair:5   | 10757 ||| INVOKING Heroism.
 10796 | Lair:5   | 10796 ||| INVOKING Heroism.
 10800 | Lair:5   | 10800 ||| SWAPPING to -2 demon whip of venom.
 10809 | Lair:5   | 10809 ||| SWAPPING to +0 broad axe.
 10816 | Lair:5   | HP: 11/84 [death yak[a boggart] (19)]
 10817 | Lair:5   | 10817 ||| DRINKING potion of heal wounds.
 10820 | Lair:5   | Slain by a death yak

Levels and vault maps discovered:
D:1:      grunt_arrival_crossed_arrows, layout_basic, minivault_4,
          kennysheep_nondescript
D:2:      layout_rooms, uniq_terence
D:3:      layout_basic, mainiacjoe_overflow_brackets, overflow_temple_1_default,
          gammafunk_ghost_grave, moated_statue, uniq_ijyb, uniq_robin
D:4:      layout_cave_pools, minmay_temple_entry_junction,
          kennysheep_generic_room_6, uniq_eustachio
D:5:      layout_basic, mainiacjoe_overflow_catwalk, roderic_roman_lattice,
          uniq_duvessa, uniq_menkaure, uniq_prince_ribbit1
D:6:      layout_loops_ring, mainiacjoe_overflow_cross_hatched,
          portal_sewer_entry_e, hellmonk_bongcloud_opening, uniq_maggie
D:7:      layout_loops_cross, elyvilon_altar_1
D:8:      layout_cave_pools, lemuel_crystal_altar, lair_entry_dummy,
          serial_shops, nicolae_inconvenience_store, special_room
          [special_room_orc], minivault_24, dreamdust_wishing_well
Lair:1:   layout_roguey, minmay_holes, beast_lair_carwin_10
Lair:2:   layout_misc_corridors, guppyfry_snake_entry_island,
          portal_ice_cave_entry_pillars_2, serial_bayou_shore_a
Lair:3:   layout_gridlike, nicolae_swamp_entry_splash_gauntlet,
          gauntlet_entry_generic, lemuel_fruit_fields, uniq_nergalle,
          uniq_amaemon, uniq_gastronok, uniq_sonja
Lair:4:   layout_gridlike, minmay_slime_entry_oklob_open, grunt_megastairs_4,
          uniq_kirke
Lair:5:   minmay_lair_end_enchanted_forest, layout_misc_corridors

Skill      XL: |  1  2  3  4  5  6  7  8  9 10 11 12 13 |
---------------+----------------------------------------+-----
Axes           | 2 3 4 5 6 8 9 11 12 13 14 | 14.0
Fighting       | 4 5 7 8 9 10 11 | 11.0
Throwing       | 1 2 3 5 |  5.1
Invocations    | 3 4 7 10 | 10.0
Armour         | 4 5 6 7 8 9 10 | 10.0
Dodging        | 1 2 |  2.1
Shields        | 4 5 6 7 |  7.1

Action                     |  1- 3 |  4- 6 |  7- 9 | 10-12 | 13-15 || total
---------------------------+-------+-------+-------+-------+-------++-------
  Melee: War axe           |    95 |   144 |   251 |   247 |       ||   737
         Broad axe         |       |       |       |    59 |   307 ||   366
         Demon whip        |       |       |       |       |     8 ||     8
  Throw: Javelin           |       |    10 |    48 |    56 |    80 ||   194
         Boomerang         |       |       |    12 |    33 |    15 ||    60
 Invoke: Heroism           |       |       |    14 |    24 |    14 ||    52
         Finesse           |       |       |       |     1 |       ||     1
    Use: Scroll            |     3 |     5 |     7 |     6 |     3 ||    24
         Potion            |       |     1 |     7 |     1 |     2 ||    11
 Armour: Scale mail        |    44 |    15 |       |       |       ||    59
         Plate armour      |       |   103 |   186 |   255 |   182 ||   726
  Dodge: Dodged            |    31 |    50 |    78 |   147 |   105 ||   411
  Block: Buckler           |    14 |    33 |    49 |    92 |    78 ||   266

Table legend:
 A = Non-vault XP
 B = Vault XP
 C = Vault XP percentage of total XP
 D = Non-vault monster count
 E = Vault monster count
 F = Vault count percentage of total count
                 A         B        C        D         E       F
            +---------+---------+-------+---------+---------+-------
      Total |   30245 |   19031 |  38.6 |     239 |      95 |  28.4
            +---------+---------+-------+---------+---------+-------
        D:1 |      38 |       0 |   0.0 |      24 |       0 |   0.0
        D:2 |      46 |      32 |  41.0 |      17 |       1 |   5.6
        D:3 |      40 |      76 |  65.5 |      12 |      13 |  52.0
        D:4 |     298 |     342 |  53.4 |      16 |       4 |  20.0
        D:5 |     333 |     661 |  66.5 |       6 |       4 |  40.0
        D:6 |     993 |     415 |  29.5 |      23 |       1 |   4.2
        D:7 |     359 |       0 |   0.0 |       9 |       0 |   0.0
        D:8 |    2294 |     462 |  16.8 |      32 |      25 |  43.9
     Lair:1 |    3425 |    1768 |  34.0 |      13 |      10 |  43.5
     Lair:2 |    9839 |     166 |   1.7 |      32 |       1 |   3.0
     Lair:3 |    1995 |    5726 |  74.2 |       9 |       9 |  50.0
     Lair:4 |    8174 |    4046 |  33.1 |      36 |      11 |  23.4
     Lair:5 |    2411 |    2282 |  48.6 |      10 |      10 |  50.0
   Gauntlet |       0 |    3055 | 100.0 |       0 |       6 | 100.0
            +---------+---------+-------+---------+---------+-------
